Map: Acolyte LE

Players

graulis

  • Race: Terran Terran
  • Spawn Location: 7:00

Winthrowe - Winner!

  • Race: Zerg Zerg
  • League: Silver
  • Spawn Location: 1:00

VOD

Have the link to the VOD?

Description

Time

  • Played on: Sept. 2, 2017, 1:11 p.m.
  • Length: 12:35
Show
View Real Time Build Order
Export as new Build Order

graulis Terran 

Build Orders:  

Get SALT Encoding   

  12  0:08  Refinery  
  12  0:26  Supply Depot  
  12  0:47  SCV  
  13  0:58  Barracks  
  13  0:59  SCV  
  14  1:11  SCV  
  15  1:18  Refinery  
  15  1:55  Marine  
  16  2:12  Engineering Bay  
  16  2:13  Marine  
  17  2:20  Orbital Command  
  17  2:31  Marine  
  18  2:49  Marine  
  19  2:54  Sensor Tower  
  19  3:07  Marine  
  19  3:10  SCV  
  21  3:22  SCV  
  21  3:26  Barracks Reactor  
  22  3:33  Terran Infantry Weapons Level 1  
  23  3:34  SCV  
  23  4:15  Supply Depot  
  23  4:37  SCV  
  24  4:38  Supply Depot  
  24  5:01  Supply Depot  
  24  5:24  Supply Depot  
  24  5:26  Marine  
  24  5:27  Marine, Terran Infantry Armor Level 1  
  26  5:44  Marine x2  
  26  5:47  Supply Depot  
  28  6:02  Marine x2  
  28  6:03  Command Center  
  30  6:09  Supply Depot  
  30  6:20  Marine x2  
  32  6:52  Factory  
  32  6:56  Reaper x2  
  9  7:25  SCV  
  6  7:37  SCV  
  3  10:21  SCV  
  4  10:33  SCV  
  5  10:41  Refinery  
  5  10:53  Engineering Bay  
  5  11:34  Supply Depot  
  5  11:43  SCV  
  6  11:55  SCV  
  6  11:57  Supply Depot  
  7  12:07  SCV  
Show
View Real Time Build Order
Export as new Build Order

Winthrowe Zerg - Winner!

Build Orders: Pool First 

Get SALT Encoding   

  12  0:03  Drone  
  13  0:11  Drone  
  14  0:22  Overlord  
  14  0:38  Spawning Pool  
  14  0:40  Drone  
  14  0:42  Drone  
  15  0:54  Drone  
  15  0:55  Drone  
  17  1:22  Drone x2  
  17  1:24  Hatchery  
  18  1:35  Drone x2  
  20  1:42  Extractor  
  20  1:45  Extractor, Queen  
  20  2:01  Drone x2  
  22  2:18  Overlord  
  22  2:32  Overlord  
  22  2:35  Queen  
  24  2:46  Drone x2  
  24  2:47  Drone  
  27  2:59  Drone x4  
  27  3:00  Drone x2  
  27  3:02  Metabolic Boost  
  33  3:12  Queen  
  35  3:34  Roach Warren  
  34  3:42  Drone  
  34  3:43  Drone x5  
  34  3:45  Lair  
  40  4:16  Roach  
  44  4:17  Roach  
  44  4:18  Overlord x5  
  44  4:47  Roach x5  
  44  4:48  Roach x2  
  58  4:54  Roach x2  
  58  4:55  Roach x2  
  66  5:04  Glial Reconstitution  
  66  5:15  Roach x5  
  66  5:16  Evolution Chamber  
  66  5:17  Evolution Chamber  
  74  5:32  Queen  
  76  5:43  Zerg Missile Weapons Level 1  
  76  5:44  Zerg Ground Armor Level 1  
  76  5:47  Roach  
  76  5:48  Overlord, Roach x3  
  76  5:49  Overlord x2  
  84  5:50  Overlord  
  84  6:08  Roach x6  
  96  6:18  Roach x2  
  98  6:22  Roach  
  102  6:39  Roach  
  108  6:40  Roach x3  
  108  6:41  Hatchery  
  108  6:45  Roach, Drone  
  112  7:03  Roach  
  112  7:04  Roach x2  
  116  7:29  Overlord x4  
  116  7:51  Zerg Missile Weapons Level 2  
  116  7:56  Roach  
  116  7:57  Roach x6  
  130  7:59  Zergling x2  
  130  8:00  Zergling x8  
  135  8:46  Infestation Pit  
  134  8:54  Extractor  
  133  8:58  Extractor  
  132  9:05  Hydralisk Den  
  131  9:38  Hydralisk  
  131  9:39  Hydralisk x6  
  145  9:51  Hydralisk  
  147  10:13  Drone x6  
  153  10:31  Extractor, Queen  
  153  10:35  Extractor, Overlord x3  
  153  10:36  Overlord  
  153  10:45  Spire  
  154  10:51  Queen  
  154  10:52  Hive  
  154  11:00  Hydralisk x7  
  168  11:07  Queen  
  170  11:26  Queen  
  172  11:43  Queen  
Tags
 
League
Silver
Matchup
TvZ
Opening
Pool First
Spawn Locations
Cross Positions
Add a new tag
Caveats
  • Supply blocks, unpowered buildings, or Contaminate may cause inaccurate times.
  • Supply counts are checked every 10 seconds.